 Dungeon Crawl Stone Soup version 0.26-a0-540-g8a0c9464d7 (webtiles) character file.

Game seed: 12368453653034634796

179 vurker the Sneak (level 5, -4/43 HPs)
             Began as a Formicid Delver on Aug 24, 2020.
             Killed by divine providence
             ... invoked by an orc priest
              (16 damage)
             ... on level 4 of the Dungeon.
             The game lasted 00:05:35 (3964 turns).

vurker the Sneak (Formicid Delver)                  Turns: 3964, Time: 00:05:36

Health: -4/43      AC: 12    Str: 18    XL:     5   Next: 90%
Magic:  5/5        EV:  5    Int:  9    God:
Gold:   165        SH:  0    Dex: 12    Spells: 4/4 levels left

rFire    . . .     SeeInvis +   a - +0 hand axe
rCold    . . .     Faith    .   (no shield)
rNeg     . . .     Spirit   .   r - +0 plate armour
rPois    .         Reflect  .   (helmet unavailable)
rElec    .         Harm     .   (no cloak)
rCorr    .                      m - +1 pair of gloves
MR       .....                  (no boots)
Stlth    ..........             (no amulet)
HPRegen  0.14/turn              (no ring)
MPRegen  0.09/turn              (no ring)

@: no status effects
A: permanent stasis, dig shafts and tunnels, four strong arms, antennae 3
a: Dig, Shaft Self


You were on level 4 of the Dungeon.
You visited 1 branch of the dungeon, and saw 5 of its levels.

You collected 165 gold pieces.

Inventory:

Hand Weapons
 a - a +0 hand axe (weapon)
Armour
 m - a +1 pair of gloves (worn)
   (You found it on level 1 of the Dungeon)
 r - a +0 plate armour (worn)
   (You found it on level 2 of the Dungeon)
Wands
 v - a wand of digging (3)
Scrolls
 c - 2 scrolls of fog
 d - a scroll of magic mapping
 e - a scroll of fear
 p - a scroll of immolation
 q - a scroll of enchant armour
Potions
 g - 2 potions of lignification
 i - a potion of resistance


   Skills:
 + Level 4.6 Fighting
 * Level 4.7 Axes
 - Level 1.7 Dodging
 - Level 6.0 Stealth


You had 4 spell levels left.
You didn't know any spells.
Your spell library contained the following spells:

 Spells                   Type           Power        Failure   Level
 Confusing Touch          Hex            #.......     100%        3
 Gell's Gravitas          Tloc           #.........   100%        3
 Petrify                  Tmut/Erth      #.......     100%        4
 Metabolic Englaciation   Hex/Ice        #.........   100%        5
 Yara's Violent Unravell  Hex/Tmut       #.........   100%        5


Dungeon Overview and Level Annotations

Branches:
Dungeon (5/15)
 Temple: D:4-7

Altars:
Fedhas
Sif Muna
Vehumet
Wu Jian

Shops:
D:4 ?


Innate Abilities, Weirdness & Mutations

You cannot be hasted, slowed, berserked, paralysed or teleported.
You can dig through walls and to a lower floor.
Your four strong arms can wield two-handed weapons with a shield.
You have a pair of large antennae on your head. (SInv)


Message History

The orc priest hits you but does no damage.
The worker ant closely misses you.
You hit the worker ant. You closely miss the orc priest.
You feel sick.
The worker ant bites you but does no damage.
The orc priest hits you but does no damage.
Your plate armour prevents you from hitting the worker ant.
You barely miss the orc priest.
The worker ant waves its antennae.
The worker ant bites you but does no damage.
The orc priest hits you with a +0 mace.
You closely miss the worker ant. You closely miss the orc priest.
You feel sick.
The worker ant bites you but does no damage. x2
Your plate armour prevents you from hitting the worker ant.
You hit the orc priest.
You feel sick.
The orc priest hits you but does no damage.
The worker ant bites you.
You are more poisoned.
The worker ant poisons you!
You hit the worker ant. You closely miss the orc priest.
You feel sick. The orc priest hits you with a +0 mace.
* * * LOW HITPOINT WARNING * * *
The worker ant bites you.
* * * LOW HITPOINT WARNING * * *
You barely miss the worker ant. You hit the orc priest.
You feel sick.
The worker ant bites you but does no damage.
The orc priest hits you but does no damage.
The worker ant bites you.
* * * LOW HITPOINT WARNING * * *
Unknown command.
You hit the worker ant.
You kill the worker ant!
You closely miss the orc priest.
You feel sick.
The orc priest hits you but does no damage.
Unknown command.
Unknown command.
You closely miss the orc priest.
You feel sick.
The orc priest hits you but does no damage.
Unknown command.
You slash the orc priest!
You feel sick.
The orc priest invokes the aid of Beogh against you.
Beogh smites you!
* * * LOW HITPOINT WARNING * * *
An adder skeleton comes into view.
You feel better.
The orc priest hits you but does no damage.
You hit the orc priest.
The orc priest invokes the aid of Beogh against you.
Beogh smites you!
You die...

##...........# #.##.#
###..[##...## .#...##
#...###.## ..Z..#
##.## #.###
....#######.####.#..
##.....#..........#.#
#......#.#####..###.#
#..)†o.........#.##.#
#...@..#.#####..###.#
##.....#.# #..###.#
########.###.#
#......# .........#
#.# #.######
########.# #.# #.#
#†###.#####.#
#.......<...#
#############


You could see an orc priest and an adder skeleton.

Vanquished Creatures
  3 worker ants
  3 adders
  A gnoll (D:1)
  2 worms (D:3)
  2 dart slugs (D:1)
  3 leopard geckos
  9 orcs
  6 bats
  5 giant cockroaches (D:1)
  5 goblins
  2 hobgoblins
  A jackal (D:2)
  A quokka (D:3)
  A ball python (D:4)
  3 frilled lizards (D:1)
  A kobold (D:1)
  A quokka zombie (D:5)
  5 rats
54 creatures vanquished.

Notes
Turn   | Place    | Note
-------+----------+-------------------------------------------
     0 | D:5      | vurker the Formicid Delver began the quest for the Orb.
     0 | D:5      | Reached XP level 1. HP: 18/18 MP: 1/1
    82 | D:5      | Noticed a hound
   219 | D:4      | Reached XP level 2. HP: 7/24 MP: 2/2
   641 | D:4      | Found Zegeptoc's Magic Scroll Boutique.
   674 | D:4      | Noticed a phantom
   783 | D:3      | Reached XP level 3. HP: 18/30 MP: 3/3
  1382 | D:2      | Found a radiant altar of Vehumet.
  1382 | D:2      | Found a shimmering blue altar of Sif Muna.
  1383 | D:2      | Found a blossoming altar of Fedhas.
  1541 | D:1      | Reached XP level 4. HP: 21/37 MP: 4/4
  3233 | D:3      | Reached XP level 5. HP: 37/43 MP: 5/5
  3658 | D:3      | Found an ornate altar of the Wu Jian Council.
  3964 | D:4      | Killed from afar by an orc priest

Illustrated notes

Levels and vault maps discovered:
D:1:      dpeg_arrival_prison, layout_loops_ring, minmay_tetromino_l2
D:2:      layout_loops_ring, gammafunk_temple_overflow_claw,
          serial_bayou_ford_a, st_stairs_2, serial_bayou_pond_a
D:3:      layout_basic, lemuel_round_altar
D:4:      layout_loops_ring, bloody_trog, kennysheep_mini, serial_shops,
          kennysheep_little_box
D:5:      layout_loops_ring, nicolae_ashenzari_panopticon,
          minmay_temple_entry_tees

Skill      XL: |  1  2  3  4 |
---------------+-------------+-----
Axes           | 3 4 |  4.7
Fighting       | 4 |  4.6
Dodging        | |  1.7
Stealth        | |  6.0

Action                   |  1- 3 |  4- 6 || total
-------------------------+-------+-------++-------
Melee: Hand axe          |    79 |   129 ||   208
 Abil: Dig               |     2 |     1 ||     3
  Use: Potion            |     3 |     4 ||     7
       Scroll            |       |    10 ||    10
 Stab: Sleeping          |     5 |     9 ||    14
       Distracted        |       |     1 ||     1
Armor: Leather armour    |    15 |    12 ||    27
       Plate armour      |       |    63 ||    63
Dodge: Dodged            |    37 |    51 ||    88

Table legend: (Time is in decaauts)
 A = Elapsed time spent in this place.
 B = Non-inter-level travel time spent in this place.
 C = Inter-level travel time spent in this place.
 D = Time resting spent in this place.
 E = Time spent auto-exploring this place.
 F = Levels seen in this place.
 G = Mean time per level.
                   A        B        C        D        E       F      G
               +--------+--------+--------+--------+--------+-----+--------+
         Total |   4001 |   3896 |    105 |     23 |   3211 |   5 |  800.2 |
       Dungeon |   4001 |   3896 |    105 |     23 |   3211 |   5 |  800.2 |
               +--------+--------+--------+--------+--------+-----+--------+

Top non-repeatable levels by time:
     D:3: 1355 daAuts
     D:1: 920 daAuts
     D:2: 867 daAuts
     D:4: 736 daAuts
     D:5: 121 daAuts
